 Dungeon Crawl Stone Soup version 0.26-a0-663-g36e8fdb655 (webtiles) character file.

Game seed: 9413826912755736232

111 marklar909 the Digger (level 5, -1/35 HPs)
             Began as a Formicid Earth Elementalist on Oct 12, 2020.
             Slain by Grinder (11 damage)
             ... on level 4 of the Dungeon.
             The game lasted 00:03:52 (2805 turns).

marklar909 the Digger (Formicid Earth Elementalist) Turns: 2805, Time: 00:03:53

Health: -1/35      AC:  4    Str: 13    XL:     5   Next: 15%
Magic:  1/8        EV: 12    Int: 15    God:
Gold:   200        SH:  0    Dex: 11    Spells: 5/9 levels left

rFire    . . .     SeeInvis +   (no weapon)
rCold    . . .     Faith    +   (no shield)
rNeg     . . .     Spirit   .   c - +0 robe
rPois    .         Reflect  .   (helmet unavailable)
rElec    .         Harm     .   (no cloak)
rCorr    .         Rampage  .   (no gloves)
MR       .....                  e - +1 pair of boots
Stlth    ++........             j - amulet of faith
HPRegen  0.11/turn              (no ring)
MPRegen  0.11/turn              (no ring)

@: no status effects
A: permanent stasis, dig shafts and tunnels, four strong arms, antennae 3
a: Dig, Shaft Self


You were on level 4 of the Dungeon.
You visited 1 branch of the dungeon, and saw 4 of its levels.

You collected 200 gold pieces.

Inventory:

Missiles
 b - 23 stones (quivered)
Armour
 c - a +0 robe (worn)
 e - a +1 pair of boots (worn)
Jewellery
 j - an amulet of faith (around neck)
Wands
 q - a wand of polymorph (9)
 r - a wand of acid (10)
Scrolls
 d - a scroll of enchant weapon
 g - a scroll of enchant armour {unknown}
 k - a scroll of fear {unknown}
 l - a scroll of fog
 n - a scroll of identify {unknown}
 o - 2 scrolls of remove curse {unknown}
Potions
 a - a potion of heal wounds {unknown}
 f - 3 potions of berserk rage {unknown}
 h - 6 potions of curing {unknown}
 i - a potion of might {unknown}
 m - 2 potions of flight {unknown}
 p - a potion of lignification {unknown}


   Skills:
 - Level 2.0 Dodging
 - Level 2.7 Stealth
 - Level 2.5 Spellcasting
 * Level 1.3 Conjurations
   Level 1.1 Transmutations
 + Level 5.7 Earth Magic


You had 5 spell levels left.
You knew the following spells:

 Your Spells              Type           Power        Failure   Level
a - Sandblast             Erth           ###...       1%          1
b - Stone Arrow           Conj/Erth      ##....       14%         3

Your spell library contained the following spells:

 Spells                   Type           Power        Failure   Level
 Passwall                 Tmut/Erth      ##......     8%          2
 Petrify                  Tmut/Erth      ##......     45%         4
 Lee's Rapid Deconstruct  Erth           ###.......   50%         5


Dungeon Overview and Level Annotations

Branches:
Dungeon (4/15)
 Temple: D:4-7

Altars:

Annotations:
D:4 Grinder


Innate Abilities, Weirdness & Mutations

You cannot be hasted, slowed, berserked, paralysed or teleported.
You can dig through walls and to a lower floor.
Your four strong arms can wield two-handed weapons with a shield.
You have a pair of large antennae on your head. (SInv)


Message History

Press: ? - help, Shift-Dir - straight line, f/p - Grinder
Aim: Grinder, carrying a wand of random effects (20) (moderately wounded)
The blast of sand hits Grinder but does no damage.
Grinder is moderately wounded.
b - 24 stones Grinder says, "Mostly I couldn't keep them alive."
Grinder hits you!
You writhe in agony.
* * * LOW HITPOINT WARNING * * *
Unknown command.
Casting: Sandblast (safe; 1% risk of failure)
Confirm with . or Enter, or press ? or * to list all spells.
Aiming: Sandblast (safe; 1% risk of failure)
Press: ? - help, Shift-Dir - straight line, f/p - Grinder
Aim: Grinder, carrying a wand of random effects (20) (moderately wounded)
The blast of sand hits Grinder but does no damage.
Grinder is moderately wounded.
b - 23 stones Grinder says, "FISH!"
Grinder hits you!
You die...

##+# ##...## # . #
##.....## .#.$ ##
##.......## ..$..
.####.........####...#.#
....+.........'.@5r....#
.# #.........####.Z.#.#
.# #.......## ..?.. #.#
##.....## ##.# .#
##...## # #.# ##'## .#
#.# #########.#
##........######


You could see Grinder, a quokka and a leopard gecko skeleton.

Vanquished Creatures
  A worker ant (D:4)
  A hound zombie (D:3)
  2 adders (D:2)
  A dart slug (D:1)
  2 leopard geckos (D:1)
  3 giant cockroaches
  3 goblins
  7 hobgoblins
  9 kobolds
  A quokka (D:4)
  8 bats
  2 frilled lizards (D:1)
  A leopard gecko zombie (D:3)
  A quokka skeleton (D:3)
  13 rats
55 creatures vanquished.

Vanquished Creatures (others)
  A withered plant (D:3)
1 creature vanquished.

Grand Total: 56 creatures vanquished

Notes
Turn   | Place    | Note
-------+----------+-------------------------------------------
     0 | D:1      | marklar909 the Formicid Earth Elementalist began the quest
                  | for the Orb.
     0 | D:1      | Reached XP level 1. HP: 13/13 MP: 3/3
   227 | D:1      | Reached skill level 4 in Earth Magic
   227 | D:1      | Reached XP level 2. HP: 19/19 MP: 3/5
   555 | D:1      | Reached XP level 3. HP: 24/24 MP: 3/6
   725 | D:1      | Learned a level 3 spell: Stone Arrow
  1396 | D:2      | Reached skill level 5 in Earth Magic
  1422 | D:2      | Reached XP level 4. HP: 30/30 MP: 4/7
  1680 | D:2      | Reached skill level 1 in Conjurations
  2728 | D:4      | Reached XP level 5. HP: 34/35 MP: 4/8
  2800 | D:4      | Noticed Grinder
  2805 | D:4      | Slain by Grinder

Illustrated notes

Levels and vault maps discovered:
D:1:      dpeg_arrival_short_road, layout_loops_ring, minmay_split_cup_large
D:2:      layout_loops_cross, serial_park_tiny_1
D:3:      layout_basic, serial_undead, serial_undead_e, serial_undead_b,
          serial_undead_b, serial_undead_c
D:4:      layout_loops_corners, overflow_temple_1_default, lemuel_crystal_altar,
          uniq_menkaure, uniq_grinder

Skill      XL: |  1  2  3  4 |
---------------+-------------+-----
Earth Magic    | 4 5 |  5.7
Dodging        | 2 |  2.0
Conjurations   | 1 |  1.3
Stealth        | |  2.7
Spellcasting   | |  2.5
Transmutations | |  1.1

Action                   |  1- 3 |  4- 6 || total
-------------------------+-------+-------++-------
Melee: Unarmed           |     1 |     1 ||     2
 Cast: Sandblast         |    48 |    35 ||    83
  Use: Scroll            |     3 |       ||     3
Armor: Robe              |     3 |     5 ||     8
Dodge: Dodged            |    11 |     8 ||    19

Table legend: (Time is in decaauts)
 A = Elapsed time spent in this place.
 B = Non-inter-level travel time spent in this place.
 C = Inter-level travel time spent in this place.
 D = Time resting spent in this place.
 E = Time spent auto-exploring this place.
 F = Levels seen in this place.
 G = Mean time per level.
                   A        B        C        D        E       F      G
               +--------+--------+--------+--------+--------+-----+--------+
         Total |   2804 |   2726 |     78 |     17 |   2381 |   4 |  701.0 |
       Dungeon |   2804 |   2726 |     78 |     17 |   2381 |   4 |  701.0 |
               +--------+--------+--------+--------+--------+-----+--------+

Top non-repeatable levels by time:
     D:1: 1071 daAuts
     D:3: 875 daAuts
     D:2: 758 daAuts
     D:4: 98 daAuts
